 Dungeon Crawl Stone Soup version 0.28-b1-70-g80dc712255 (webtiles) character file.

Game seed: 13920528145579699685

21 Prodoman the Magician (level 2, 0/20 HPs)
             Began as a Draconian Hedge Wizard on Feb 4, 2022.
             Slain by a frilled lizard (2 damage)
             ... on level 1 of the Dungeon.
             The game lasted 00:03:42 (447 turns).

Prodoman the Magician (Draconian Hedge Wizard)       Turns: 447, Time: 00:03:43

Health: 0/20       AC:  7    Str: 12    XL:     2   Next: 65%
Magic:  0/6        EV: 12    Int: 14    God:
Gold:   25         SH:  0    Dex: 10    Spells: 6/7 levels left

rFire   . . .      SeeInvis .   a - +0 dagger
rCold   + . .      Faith    .   (no shield)
rNeg    . . .      Spirit   .   (armour unavailable)
rPois   .          Reflect  .   b - +0 hat
rElec   .          Harm     .   e - +2 cloak
rCorr   .          Rampage  .   (no gloves)
Will    .....                   (no boots)
Stlth   ++........              (no amulet)
HPRegen 0.06/turn               c - ring of protection from cold
MPRegen 0.10/turn               (no ring)

@: no status effects
A: AC +4, unfitting armour, cold-blooded
a: no special abilities


You were on level 1 of the Dungeon.
You visited 1 branch of the dungeon, and saw 1 of its levels.

You collected 25 gold pieces.

Inventory:

Hand Weapons
 a - a +0 dagger (weapon)
Armour
 b - a +0 hat (worn)
 d - a +0 cloak
 e - a +2 cloak (worn)
Jewellery
 c - a ring of protection from cold (left hand)


   Skills:
 + Level 2.1 Dodging
 - Level 1.9 Stealth
 * Level 3.4 Spellcasting
 - Level 1.1 Conjurations
 - Level 1.1 Summonings
 - Level 1.2 Translocations


You had 6 spell levels left.
You knew the following spells:

 Your Spells              Type           Power      Damage    Failure   Level
a - Magic Dart            Conj           20%        1d4       13%         1

Your spell library contained the following spells:

 Spells                   Type           Power      Damage    Failure   Level
 Blink                    Tloc           10%        N/A       19%         2
 Call Imp                 Summ           5%         N/A       19%         2
 Slow                     Hex            8%         N/A       21%         1
 Conjure Flame            Conj/Fire      3%         6-21      43%         3
 Mephitic Cloud           Conj/Pois/Air  3%         N/A       47%         3


Dungeon Overview and Level Annotations

Branches:
Dungeon (1/15)

Altars:


Innate Abilities, Weirdness & Mutations

Your plain brown scales are hard. (AC +4)
You cannot fit into any form of body armour.
You are cold-blooded and may be slowed by cold attacks.


Message History

The quokka bites you but does no damage.
The hobgoblin hits you. The frilled lizard bites you.
* * * LOW HITPOINT WARNING * * *
The rat misses you.
Casting: Magic Dart (safe; 13% risk of failure)
Confirm with . or Enter, or press ? or * to list all spells.
Aiming: Magic Dart (safe; 13% risk of failure)
Press: ? - help, Shift-Dir - straight line, f/p - quokka
Aim: a quokka (heavily wounded, 100% to hit)
The magic dart hits the quokka.
The quokka is almost dead.
The bat hits you but does no damage. The quokka barely misses you.
The hobgoblin closely misses you.
The frilled lizard bites you but does no damage.
The rat bites you but does no damage. The quokka bites you.
* * * LOW HITPOINT WARNING * * *
Hit: a) +0 dagger
Press: ? - help, Dir - move target, f/p - quokka
Aim: a quokka (almost dead, about 50% to evade your +0 dagger)
You hit the quokka.
You kill the quokka!
The bat closely misses you. The hobgoblin closely misses you.
The frilled lizard barely misses you. The rat misses you.
Your magical contamination has completely faded away.
Hit: a) +0 dagger
Press: ? - help, Dir - move target, f - hobgoblin
Aim: a hobgoblin (about 40% to evade your +0 dagger)
You hit the hobgoblin but do no damage.
You tail-slap the hobgoblin, but do no damage.
The bat closely misses you. The hobgoblin misses you.
The frilled lizard misses you. The rat bites you but does no damage.
Hit: a) +0 dagger
Press: ? - help, Dir - move target, f/p - hobgoblin
Aim: a hobgoblin (about 40% to evade your +0 dagger)
You hit the hobgoblin.
The hobgoblin is lightly wounded.
The bat hits you but does no damage.
The hobgoblin hits you but does no damage.
The frilled lizard bites you.
You die...

###..##...#.#
##.##...#.##.###.###..
#.##.#.#.##..........
##.##.#...##..........
###..##.#.†.##..........
.....##.#...##..........
.....##.#.#.##..........
......#.#.#.##..bg......
........#.#.##..@l......
.....##.#.#.##.r†.......
.....##.#.#..#.#########
.....##.#.#.....#
#######.#.##(...#
#.#.###...# #.#.....>.#
#..)......# ###########


You could see a hobgoblin, a bat, a frilled lizard and a rat.

Vanquished Creatures
  2 bats (D:1)
  2 endoplasms (D:1)
  A giant cockroach (D:1)
  2 goblins (D:1)
  3 hobgoblins (D:1)
  A quokka (D:1)
  2 ball pythons (D:1)
  3 frilled lizards (D:1)
  2 kobolds (D:1)
  3 rats (D:1)
21 creatures vanquished.

Notes
Turn   | Place    | Note
-------+----------+-------------------------------------------
     0 | D:1      | Prodoman the Draconian Hedge Wizard began the quest for the
                  | Orb.
     0 | D:1      | Reached XP level 1. HP: 14/14 MP: 4/4
   159 | D:1      | Reached XP level 2. HP: 19/20 MP: 4/6
   447 | D:1      | Slain by a frilled lizard

Illustrated notes

Levels and vault maps discovered:
D:1:      minmay_arrival_four_circles, layout_basic, serial_shops,
          nicolae_shop_bloodbath_and_beyond, minmay_tetromino_t2

Skill      XL: |  1  2 |
---------------+-------+-----
Dodging        | 2 |  2.1
Stealth        | |  1.9
Spellcasting   | |  3.4
Conjurations   | |  1.1
Summonings     | |  1.1
Translocations | |  1.2

Action                   || total
-------------------------++-------
Melee: Dagger            ||    42
       Tailslap          ||     4
 Cast: Magic Dart        ||    24
Armor: Skin              ||    50
Dodge: Dodged            ||    92
